 Dungeon Crawl Stone Soup version 0.29-a0-925-g0a7a3d12f8 (webtiles) character file.

Game seed: 13615290992533386714

2752 SkeletonJelly the Carver (level 10, -2/63 HPs)
             Began as a Human Monk on July 29, 2022.
             Was an Elder of Hepliaklqana.
             Slain by a yak (12 damage)
             ... on level 8 of the Dungeon.
             The game lasted 00:21:50 (8495 turns).

SkeletonJelly the Carver (Human Monk)               Turns: 8495, Time: 00:21:50

Health: -2/63      AC:  6    Str: 11    XL:     10   Next: 0%
Magic:  13/15      EV: 11    Int: 12    God:    Hepliaklqana [****..]
Gold:   317        SH: 10    Dex: 19    Spells: 9/9 levels left

rFire   . . .      SeeInvis .   G - +1 scimitar
rCold   . . .      Faith    .   u - +0 buckler
rNeg    . . .      Spirit   .   i - +0 ring mail
rPois   +          Reflect  +   (no helmet)
rElec   .          Harm     .   (no cloak)
rCorr   .          Rampage  .   k - +0 pair of gloves
Will    .....                   (no boots)
Stlth   ++........              D - amulet of reflection
HPRegen 0.20/turn               h - ring of poison resistance
MPRegen 0.14/turn               (no ring)

@: no status effects
A: reduced essence
a: Renounce Religion, Recall Ancestor, Ancestor Identity, Transference, Idealise


You were on level 8 of the Dungeon.
You worshipped Hepliaklqana.
Hepliaklqana was greatly pleased with you.
You visited 1 branch of the dungeon, and saw 8 of its levels.

You collected 317 gold pieces.

Inventory:

Hand Weapons
 a - a +0 falchion
 G - a +1 scimitar (weapon)
Missiles
 v - 9 poisoned darts (quivered)
Armour
 b - a +0 robe
 i - a +0 ring mail (worn)
 k - a +0 pair of gloves (worn)
 u - a +0 buckler (worn)
Jewellery
 h - a ring of poison resistance (left hand)
 s - an amulet of guardian spirit
 D - an amulet of reflection (around neck)
Wands
 r - a wand of flame (6)
Scrolls
 f - a scroll of identify
 g - a scroll of magic mapping {unknown}
 j - a scroll of torment
 l - a scroll of enchant weapon
 m - 2 scrolls of vulnerability {unknown}
 n - a scroll of fear {unknown}
 p - a scroll of enchant armour
 t - a scroll of poison {unknown}
 w - a scroll of brand weapon {unknown}
 y - 2 scrolls of noise {unknown}
Potions
 c - a potion of ambrosia
 d - a potion of lignification {unknown}
 e - 2 potions of cancellation {unknown}
 o - 2 potions of brilliance {unknown}
 q - a potion of heal wounds {unknown}
 x - 2 potions of degeneration {unknown}
 z - 2 potions of might {unknown}
 A - a potion of magic {unknown}
 B - 2 potions of attraction {unknown}
 C - 2 potions of curing
 E - a potion of resistance {unknown}
 F - a potion of mutation {unknown}


   Skills:
 - Level 3.0 Fighting
 * Level 10.7 Long Blades
 - Level 3.0 Dodging
 - Level 2.0 Stealth
 - Level 3.0 Shields
 + Level 7.8 Invocations


You had 9 spell levels left.
You didn't know any spells.
Your spell library contained the following spells:

 Spells                   Type           Power      Damage    Failure   Level
 Corpse Rot               Necr/Pois/Air  0%         N/A       100%        4
 Dispel Undead            Necr           0%         3d6       100%        4
 Death Channel            Necr           0%         N/A       100%        6


Dungeon Overview and Level Annotations

Branches:
Dungeon (7/15)
 Temple: D:4-7

Altars:
Cheibriados
Hepliaklqana
Wu Jian


Message History

An orc comes into view. It is wielding a +0 club.
The white imp shouts!
You hear a bellow!
The white imp gestures at you. The puff of frost hits you!
You take 7 damage, and have 49/56 hp.
The orc shouts!
A yak comes into view.
You block the white imp's attack.
You slash the white imp!
The white imp is almost dead.
An orc comes into view. It is wielding a +0 club.
The white imp disappears for a moment.
The white imp hits you but does no damage.
You slash the white imp!
You kill the white imp!
An orc comes into view. It is wielding a +0 hand axe.
The orc shouts!
You slash the orc!
You kill the orc!
The orc attacks as you move away! The orc hits you with a +0 club.
You take 2 damage, and have 49/56 hp.
The orc attacks as you move away! You block the orc's attack.
The orc attacks as you move away! The orc misses you.
You slash the orc!
You kill the orc!
You block the yak's attack.
Things that are here:
a +0 club; a +0 leather armour You slash the yak!
The yak is moderately wounded.
You block the yak's attack.
You closely miss the yak.
The yak is moderately wounded.
A yak comes into view.
You block the yak's attack.
The yak bellows!
You slash the yak!
The yak is heavily wounded.
You hit the yak.
The yak is severely wounded.
You block the yak's attack.
You hit the yak but do no damage.
The yak is severely wounded.
A yak comes into view.
The yak gores you!
A yak comes into view.
You take 13 damage, and have 38/56 hp.
MASSIVE DAMAGE!!
The yak bellows! x2
You slash the yak!
The yak is almost dead.
The yak gores you!
A yak comes into view.
You take 8 damage, and have 30/56 hp.
The yak bellows!
You hit the yak.
The yak is almost dead.
The yak gores you!
You take 6 damage, and have 24/56 hp.
You hit the yak but do no damage.
The yak is almost dead.
The yak barely misses you.
Huemac is recalled.
The yak barely misses you.
You now have 12/14 mp.
You slash the yak!
You kill the yak!
You hit the yak but do no damage. You block the yak's attack.
You slash the yak!
The yak is moderately wounded.
Huemac points at the yak and mumbles some strange words.
The puff of frost hits the yak.
You block the yak's attack.
You hit the yak.
The yak is heavily wounded.
You block the yak's attack.
You slash the yak!
The yak is severely wounded.
The yak gores you!
You take 7 damage, and have 18/56 hp.
You hit the yak but do no damage.
The yak is severely wounded.
You slash the yak!
You kill the yak!
You have reached level 10!
Huemac remembers more of their old skill.
You regained 3 hp, and now have 21/63 hp.
You slash the yak!
The yak is moderately wounded.
You block the yak's attack.
You slash the yak!
The yak is heavily wounded.
The yak gores you!
* * * LOW HITPOINT WARNING * * *
Huemac gestures at the yak while chanting.
The puff of frost hits the yak!
You take 11 damage, and have 10/63 hp.
You slash the yak!
The yak is almost dead.
You block the yak's attack.
You swap places.
The yak attacks as you move away! The yak gores you!
You die...

#.# ### #.# #.#.# #.#
#.#.# #.# ## #.#.# #.#
....##.#.#########.#
..................>#
....##.#.##.######.##
....##)#....oYYY@...#
..........#.######..#
....................#
..........#.######..#
###.......#.# #..#
#.......#.######..#######
#.......................#
#.................#####.#
#.......#.######..#


You could see the friendly Huemac the battlemage, 3 yaks and an orc.

Vanquished Creatures
  Sigmund (D:6)
  2 yaks (D:8)
  An orc warrior (D:5)
  An ogre (D:5)
  A centaur (D:8)
  A phantom (D:5)
  A gnoll sergeant (D:6)
  A killer bee (D:6)
  A hound (D:5)
  Jessica (D:3)
  An iguana (D:4)
  Natasha (D:3)
  7 gnolls
  A white imp (D:8)
  A worm (D:5)
  A dart slug (D:3)
  8 orcs
  3 bats
  An endoplasm (D:4)
  5 goblins
  3 hobgoblins
  A kobold (D:3)
  2 quokkas
  5 ball pythons
  2 frilled lizards (D:2)
  3 rats
56 creatures vanquished.

Vanquished Creatures (collateral kills)
  Grinder (D:6)
  Menkaure (D:5)
  A water moccasin (D:6)
  A black bear (D:6)
  2 ice beasts
  An orc warrior (D:6)
  2 phantoms
  A bullfrog (D:6)
  2 necrophages
  A scorpion (D:5)
  2 killer bees (D:6)
  2 jellies
  2 orc priests
  An orc wizard (D:5)
  Natasha (twice) (D:3)
  7 gnolls
  5 adders
  A worm (D:3)
  2 dart slugs
  7 orcs
  7 ball pythons
  2 endoplasms
  2 giant cockroaches
  2 goblins (D:4)
  A hobgoblin (D:1)
  2 quokkas
  A bat (D:2)
  A frilled lizard (D:2)
  A kobold (D:3)
  2 rats
65 creatures vanquished.

Vanquished Creatures (others)
  4 battlemagi
4 creatures vanquished.

Grand Total: 125 creatures vanquished

Notes
Turn   | Place    | Note
-------+----------+-------------------------------------------
     0 | D:1      | SkeletonJelly the Human Monk began the quest for the Orb.
     0 | D:1      | Reached XP level 1. HP: 18/18 MP: 1/1
   187 | D:1      | Found a faded altar of an unknown god.
   191 | D:1      | Prayed at the altar of an unknown god.
   191 | D:1      | Became a worshipper of Hepliaklqana the Forgotten
   191 | D:1      | Reached * piety under Hepliaklqana
   191 | D:1      | Reached ** piety under Hepliaklqana
   195 | D:1      | Remembered your ancestor Huemac as a battlemage
   363 | D:1      | Reached *** piety under Hepliaklqana
   499 | D:1      | Reached XP level 2. HP: 21/21 MP: 2/2
   982 | D:1      | Reached skill level 1 in Invocations
  1606 | D:2      | Reached XP level 3. HP: 26/26 MP: 3/3
  2555 | D:3      | Noticed a necrophage
  2563 | D:3      | Killed a necrophage
  2564 | D:3      | Reached skill level 4 in Long Blades
  2564 | D:3      | Reached XP level 4. HP: 31/31 MP: 3/5
  2695 | D:3      | Noticed an ice beast
  2703 | D:3      | Noticed Jessica
  2704 | D:3      | Killed an ice beast
  2705 | D:3      | Reached skill level 5 in Long Blades
  2705 | D:3      | Reached XP level 5. HP: 28/36 MP: 5/7
  2705 | D:3      | Reached XP level 6. HP: 32/42 MP: 5/8
  3010 | D:3      | Found an ornate altar of the Wu Jian Council.
  3098 | D:3      | Killed Jessica
  3550 | D:3      | Noticed Natasha
  3557 | D:3      | Killed Natasha
  3583 | D:3      | Reached skill level 6 in Long Blades
  3613 | D:3      | Reached **** piety under Hepliaklqana
  3614 | D:3      | Noticed Natasha
  3624 | D:3      | Killed Natasha
  3665 | D:3      | Noticed Natasha
  3673 | D:3      | Killed Natasha
  3674 | D:3      | Reached XP level 7. HP: 40/46 MP: 9/9
  3919 | D:4      | Reached skill level 1 in Shields
  4113 | D:4      | Found a snail-covered altar of Cheibriados.
  4440 | D:5      | Entered Level 5 of the Dungeon
  4534 | D:5      | Found a hazy altar of Hepliaklqana.
  4561 | D:5      | Noticed Menkaure
  4568 | D:5      | Killed Menkaure
  4803 | D:5      | Reached XP level 8. HP: 32/52 MP: 11/11
  5015 | D:5      | Reached skill level 7 in Long Blades
  5218 | D:5      | Reached skill level 5 in Invocations
  5402 | D:5      | Reached skill level 8 in Long Blades
  6375 | D:6      | Reached XP level 9. HP: 26/56 MP: 13/13
  6634 | D:6      | Reached skill level 9 in Long Blades
  6672 | D:6      | Noticed Grinder
  6677 | D:6      | Noticed Sigmund
  6684 | D:6      | Paralysed by Grinder for 2 turns
  7051 | D:6      | Reached ***** piety under Hepliaklqana
  7170 | D:6      | Killed Grinder
  7474 | D:6      | Killed Sigmund
  7486 | D:6      | Reached skill level 10 in Long Blades
  8294 | D:7      | You fall into a shaft and drop 1 floor!
  8492 | D:8      | Reached XP level 10. HP: 21/63 MP: 13/15
  8495 | D:8      | Slain by a yak

Illustrated notes

Levels and vault maps discovered:
D:1:      dpeg_arrival_circle_labyrinth_c, layout_loops_corners,
          hellmonk_ecumenical_altar_leap_of_faith
D:2:      layout_basic
D:3:      layout_basic, mainiacjoe_overflow_surrounded_room,
          hangedman_abyss_or_decor_lesser_grid, uniq_natasha, uniq_jessica
D:4:      layout_rooms, kennysheep_slug_shrine
D:5:      layout_loops_ring, mainiacjoe_overflow_chevrons,
          guppyfry_early_orc_mine, uniq_menkaure
D:6:      layout_basic, uniq_sigmund, uniq_grinder
D:7:      layout_loops_cross, nicolae_ashenzari_panopticon,
          minmay_temple_entry_gardened_gates
D:8:      layout_basic, yredelemnul_forgotten_temple_becter, lemuel_tele_altar

Skill      XL: |  1  2  3  4  5  6  7  8  9 |
---------------+----------------------------+-----
Invocations    | 1 2 3 4 6 7 |  7.8
Long Blades    | 4 5 6 8 10 | 10.7
Shields        | 3 |  3.0
Fighting       | |  3.0
Dodging        | |  3.0
Stealth        | |  2.0

Action                   |  1- 3 |  4- 6 |  7- 9 | 10-12 || total
-------------------------+-------+-------+-------+-------++-------
Melee: Falchion          |    47 |    63 |    90 |       ||   200
       Punch             |     2 |     3 |       |       ||     5
       Scimitar          |       |       |    53 |     3 ||    56
Throw: Dart              |       |       |     7 |       ||     7
Invok: Ancestor Life: Ba |     1 |       |       |       ||     1
       Recall Ancestor   |       |       |     1 |       ||     1
Evoke: Wand              |       |       |     7 |       ||     7
  Use: Scroll            |       |       |     6 |       ||     6
 Stab: Sleeping          |     4 |       |     1 |       ||     5
       Distracted        |       |     1 |     3 |       ||     4
Armor: Robe              |     1 |       |       |       ||     1
       Ring mail         |     7 |    22 |    30 |       ||    59
Dodge: Dodged            |    37 |    38 |    47 |       ||   122
Block: Buckler           |       |       |    61 |     2 ||    63
       Reflection        |       |       |     1 |       ||     1

Table legend: (Time is in decaauts)
 A = Elapsed time spent in this place.
 B = Non-inter-level travel time spent in this place.
 C = Inter-level travel time spent in this place.
 D = Time resting spent in this place.
 E = Time spent auto-exploring this place.
 F = Levels seen in this place.
 G = Mean time per level.
                   A        B        C        D        E       F      G
               +--------+--------+--------+--------+--------+-----+--------+
         Total |   8499 |   8126 |    373 |     63 |   6947 |   8 | 1062.4 |
       Dungeon |   8499 |   8126 |    373 |     63 |   6947 |   8 | 1062.4 |
               +--------+--------+--------+--------+--------+-----+--------+

Top non-repeatable levels by time:
     D:6: 2041 daAuts
     D:5: 1592 daAuts
     D:2: 1375 daAuts
     D:1: 1372 daAuts
     D:3: 1117 daAuts
     D:4: 802 daAuts
     D:8: 198 daAuts
     D:7: 0 daAuts
